 Dungeon Crawl Stone Soup version 0.31.0-32-g396128a36d (webtiles) character file.

Game seed: 3186010166663957852

66 Minsecho the Gusty (level 4, 0/25 HPs)
             Began as a Tengu Air Elementalist on Mar 13, 2024.
             Killed from afar by an orc wizard (6 damage)
             ... with a magic dart
             ... on level 3 of the Dungeon.
             The game lasted 00:03:35 (1960 turns).

Minsecho the Gusty (Tengu Air Elementalist)         Turns: 1960, Time: 00:03:36

Health: 0/25       AC:  5    Str:  8    XL:     4   Next: 15%
Magic:  0/8        EV: 12    Int: 16    God:
Gold:   75         SH:  0    Dex: 16    Spells: 1/7 levels left

rFire   . . .        d - +0 dagger
rCold   . . .        (no shield)
rNeg    . . .        a - +0 robe
rPois   +            (helmet restricted)
rElec   .            l - +0 cloak
rCorr   .            (no gloves)
SInv    .            (boots unavailable)
Will    .....        (no amulet)
Stlth   ++           k - ring of flight
HPRegen 0.24/turn    (no ring)
MPRegen 0.11/turn

%: acrobat
@: lethally poisoned (0 -> -5), flying
A: beak, talons 3, acrobatic, iridescent scales 1, poison resistance
a: no special abilities


You were on level 3 of the Dungeon.
You visited 1 branch of the dungeon, and saw 3 of its levels.

You collected 75 gold pieces.

Inventory:

Hand Weapons
 d - a +0 dagger (weapon)
 q - the +7 mace "Fut Ull" {heavy, rPois Will+}
   (You found it on level 3 of the Dungeon)

   rPois:     It protects you from poison Will+: It increases your willpower.
Missiles
 g - 6 javelins
Armour
 a - a +0 robe (worn)
 l - a +0 cloak (worn)
Jewellery
 k - a ring of flight (left hand)
Wands
 r - a wand of flame (17)
Scrolls
 e - a scroll of fear {unknown}
 f - a scroll of amnesia {unknown}
 o - a scroll of teleportation {unknown}
 s - a scroll of poison {unknown}
Potions
 b - a potion of magic
 c - a potion of mutation
 h - a potion of brilliance {unknown}
 i - a potion of heal wounds {unknown}
 j - 2 potions of attraction {unknown}
 m - a potion of degeneration {unknown}
 n - a potion of might {unknown}
 p - a potion of curing {unknown}


   Skills:
 * Level 1.3 Fighting
 * Level 2.5 Dodging
 + Level 2.2 Stealth
 + Level 2.4 Spellcasting
 + Level 2.0 Conjurations
 + Level 4.9 Air Magic


You had one spell level left.
You knew the following spells:

 Your Spells              Type           Power      Damage    Failure   Level
a - Shock                 Conj/Air       52%        1d6       4%          1
b - Static Discharge      Conj/Air       26%        3-5/arc   7%          2
c - Swiftness             Air            17%        N/A       8%          3

Your spell library contained the following spells:

 Spells                   Type           Power      Damage    Failure   Level
 Airstrike                Air            8%         2d(2-18)  26%         4


Dungeon Overview and Level Annotations

Branches:
Dungeon (3/15)

Altars:


Innate Abilities, Weirdness & Mutations

You have a beak for a mouth.
You have claws for feet.
You can magically evade attacks while moving or waiting.
You are partially covered in iridescent scales. (AC +2)
Your system is resistant to poisons. (rPois)


Message History

The zap hits the orc.
The orc is heavily wounded.
The zap hits the orc.
You kill the orc!
The orc hits you but does no damage.
Unknown command.
You hit the orc.
You kill the orc!
You swing at nothing.
You closely miss something. Your kick misses something.
Your peck misses something. Something hits you.
Casting: Shock (safe; 4% risk of failure)
Confirm with . or Enter, or press ? or * to list all spells.
You don't have enough magic to cast this spell.
You hit something. You claw something. Something hits you.
You barely miss something. Your kick misses something.
Your peck misses something. Something hits you.
You are poisoned.
Okay, then.
Casting: Shock (safe; 4% risk of failure)
Confirm with . or Enter, or press ? or * to list all spells.
You can't see any susceptible monsters within range! (Use Z to cast anyway.)
Casting: Shock (safe; 4% risk of failure)
Confirm with . or Enter, or press ? or * to list all spells.
Aiming: Shock (safe; 4% risk of failure)
Press: ? - help, Shift-Dir - straight line The zap hits something.
You feel very sick.
You hear some strange, mumbled words.
A magic dart appears from out of thin air!
The magic dart hits you.
It was a potion of mutation.
You feel extremely strange.
You feel resistant to poisons.
Iridescent scales grow over part of your body.
* * * LOW HITPOINT WARNING * * *
You feel sick.
You hear some strange, mumbled words.
A magic dart appears from out of thin air!
The magic dart hits you.
You die...

#.........####...###.#)#.#
+...............#..o.#...
#.....(....###.###.#.#.#...
##.......#.##.##
###)..##.## ##.....##.#.#
##.#...... ##....##.##.##
##..##.###.#
##..#.#.....###.#.........
##.###.###.#.#{###.###.#
#.## ##....##@## ## ##
##.###.######## ####...#.##
#.#.....## .#.#....#
..#.#.#.# ...####.#
#.......# #########


There were no monsters in sight!

Vanquished Creatures
  An adder (D:2)
  2 dart slugs
  3 orcs (D:3)
  6 ball pythons
  4 endoplasms
  A giant cockroach (D:1)
  4 hobgoblins
  3 kobolds
  4 quokkas
  2 bats
  2 frilled lizards (D:1)
  9 goblins
  2 rats (D:1)
43 creatures vanquished.

Notes
Turn   | Place    | Note
-------+----------+-------------------------------------------
     0 | D:1      | Minsecho the Tengu Air Elementalist began the quest for the
                  | Orb.
     0 | D:1      | Reached XP level 1. HP: 10/10 MP: 4/4
   221 | D:1      | Reached XP level 2. HP: 15/15 MP: 4/6
   751 | D:1      | Reached XP level 3. HP: 20/20 MP: 5/7
   865 | D:1      | Learned a level 2 spell: Static Discharge
  1493 | D:2      | Reached skill level 1 in Fighting
  1775 | D:3      | Learned a level 3 spell: Swiftness
  1813 | D:3      | Identified the +7 mace "Fut Ull" {heavy, rPois Will+}
  1860 | D:3      | Reached XP level 4. HP: 25/25 MP: 5/8
  1960 | D:3      | Gained mutation: Your system is resistant to poisons.
                  | (rPois) [potion of mutation]
  1960 | D:3      | Gained mutation: You are partially covered in iridescent
                  | scales. (AC +2) [potion of mutation]
  1960 | D:3      | Killed from afar by an orc wizard

Illustrated notes

Levels and vault maps discovered:
D:1:      dpeg_arrival_arbitrary_a, layout_rooms, chequers_serial_rivers_large_a
D:2:      layout_loops_cross
D:3:      minmay_wonky_spiral, layout_loops_corners, serial_shops,
          nicolae_shop_bloodbath_and_beyond,
          nicolae_concentric_dashed_squares_mild, nicolae_goblin_pals

Skill      XL: |  1  2  3  4 |
---------------+-------------+-----
Fighting       | 1 |  1.3
Conjurations   | 2 |  2.0
Dodging        | |  2.5
Stealth        | |  2.2
Spellcasting   | |  2.4
Air Magic      | |  4.9

Action                     |  1- 3 |  4- 6 || total
---------------------------+-------+-------++-------
  Melee: Dagger            |    14 |     9 ||    23
         Kick              |     3 |     2 ||     5
         Peck              |     1 |     1 ||     2
   Cast: Shock             |    74 |    12 ||    86
  Evoke: Wand              |       |     2 ||     2
    Use: Potion            |       |     1 ||     1
 Armour: Robe              |    13 |    11 ||    24
  Dodge: Dodged            |    16 |     5 ||    21
